cohdb
Replays
Latest Replays
All Replays
Popular Replays
Top Player Replays
Match Explorer
How It Works
Community
CoH3 Stats
Reddit
Sign in to upload your games and track your stats! →
Sign in with Steam
Match 42091579
Unlisted
Match 42091579
Overview
Messages
Build Orders
End
Construct Section Command Post
Vickers Machine Gun Team
Selects Heavy Armor Battlegroup
Dingo Light Scout Car
Infantry Section
Infantry Section
Grenade Package
Construct Platoon Command Post
Selects Rigorous Vehicle Training
6-pounder Anti-tank Gun Team
Infantry Section
Construct Company Command Post
[82AD] PaulVmax
Random_Target
A Chunky Chaffinch
TacticalVanguard
The Radiant Dawn
lilleplaskemand
0
0
Comments
sign in to comment!
No comments posted yet!